| TOP OF THE 1ST |
|
Everett AquaSox batting - Pitching for Staten Island Yankees : LHP Dustin Shaw
|
|
Pitching: LHP Dustin Shaw
|
|
|
Batting: RHB Heihachiro Fujita
|
0-0: Ball 1-0: Called Strike 1-1: Swinging Strike 1-2: Foul Ball, location: 2F 1-2: Strikes out swinging, 2-3 out at first.
|
|
Batting: RHB Eddie Luna
|
0-0: Foul Ball, location: 2F 0-1: Ball 1-1: DOUBLE (Flyball, 78D, EV 104.4 MPH)
|
|
Batting: RHB Marco Diaz
|
0-0: Ball 1-0: Foul Ball, location: 2F 1-1: Ball 2-1: Foul Ball, location: 2F 2-2: Foul Ball, location: 2F 2-2: Ground out 4-3 (Groundball, 4, EV 81.2 MPH) Eddie Luna to third
|
|
Batting: LHB Chris Jackson
|
0-0: Ball 1-0: Swinging Strike 1-1: Swinging Strike 1-2: Foul Ball, location: 2F 1-2: Foul Ball, location: 2F 1-2: Strikes out swinging
|
| Top of the 1st over - 0 runs, 1 hit, 0 errors, 1 left on base; Everett 0 - Staten Island 0 |
| BOTTOM OF THE 1ST |
|
Staten Island Yankees batting - Pitching for Everett AquaSox : RHP Kevin Stodart
|
|
Pitching: RHP Kevin Stodart
|
|
|
Batting: RHB Norimoto Miyanishi
|
0-0: Called Strike 0-1: Swinging Strike 0-2: Strikes out swinging
|
|
Batting: RHB Edite Leoni
|
0-0: Fly out, F4 (Line Drive, 4, EV 71.2 MPH)
|
|
Batting: RHB Pat Pemberton
|
0-0: Ball 1-0: Foul Ball, location: 2F 1-1: Swinging Strike 1-2: Ball 2-2: Ball 3-2: Base on Balls
|
|
Batting: SHB Tadaaki Kondo
|
0-0: Called Strike 0-1: Ball 1-1: Foul Ball, location: 2F 1-2: Fly out, F8 (Flyball, 8RXD, EV 90.0 MPH)
|
| Bottom of the 1st over - 0 runs, 0 hits, 0 errors, 1 left on base; Everett 0 - Staten Island 0 |
| TOP OF THE 2ND |
|
Everett AquaSox batting - Pitching for Staten Island Yankees : LHP Dustin Shaw
|
|
Batting: RHB Matt Fenimore
|
0-0: Ball 1-0: Ball 2-0: Ball 3-0: Base on Balls
|
|
Batting: RHB Tai Joo
|
0-0: Foul Ball, location: 2F 0-1: DOUBLE (Line Drive, 89D, EV 106.9 MPH) Matt Fenimore to third
|
|
Batting: RHB Jwahir Pili
|
0-0: Ball 1-0: Fly out, F9 (Line Drive, 9S, EV 102.5 MPH)
|
|
Batting: SHB Tony Morales
|
0-0: Fly out, F7 (Flyball, 78D, EV 108.1 MPH) Runner from 3rd tags up, SCORES, throw by LF Tai Joo to third
|
|
Batting: RHB James Bickel
|
0-0: Ball 1-0: Ball 2-0: Foul Ball, location: 2F 2-1: Foul Ball, location: 2F 2-2: Strikes out swinging, 2-3 out at first.
|
| Top of the 2nd over - 1 run, 1 hit, 0 errors, 1 left on base; Everett 1 - Staten Island 0 |
| BOTTOM OF THE 2ND |
|
Staten Island Yankees batting - Pitching for Everett AquaSox : RHP Kevin Stodart
|
|
Batting: LHB Mike Schermerhorn
|
0-0: SINGLE (Groundball, 4MD, EV 107.5 MPH)
|
|
Batting: RHB Brad Wren
|
0-0: Swinging Strike 0-1: Foul Ball, location: 2F 0-2: Strikes out swinging
|
|
Batting: RHB Jesus Ruiz
|
0-0: Ball 1-0: Ball 2-0: Ball 3-0: Called Strike 3-1: Base on Balls Mike Schermerhorn to second
|
|
Batting: LHB Danny de Leon
|
0-0: Called Strike 0-1: Ball Wild Pitch! Mike Schermerhorn to third Jesus Ruiz to second 1-1: Called Strike 1-2: Ball 2-2: Ball 3-2: Base on Balls
|
|
Batting: RHB Danny Ayala
|
0-0: Called Strike 0-1: Fly out, F8 (Flyball, 8RD, EV 101.9 MPH) Runner from 3rd tags up, OUT at HOME! 8-2
|
| Bottom of the 2nd over - 0 runs, 1 hit, 0 errors, 2 left on base; Everett 1 - Staten Island 0 |
| TOP OF THE 3RD |
|
Everett AquaSox batting - Pitching for Staten Island Yankees : LHP Dustin Shaw
|
|
Batting: RHB Heihachiro Fujita
|
0-0: Ball 1-0: Ball 2-0: Ball 3-0: Called Strike 3-1: Called Strike 3-2: Foul Ball, location: 2F 3-2: Base on Balls
|
|
Batting: RHB Eddie Luna
|
0-0: Ball Heihachiro Fujita steals 2nd base 1-0: DOUBLE (Groundball, 5L, EV 107.5 MPH) Heihachiro Fujita scores
|
|
Batting: RHB Marco Diaz
|
0-0: Swinging Strike 0-1: Ground out U3 (Groundball, 34, EV 81.2 MPH) Eddie Luna to third
|
|
Batting: LHB Chris Jackson
|
0-0: Foul Ball, location: 2F 0-1: SINGLE (Groundball, 4MD, EV 103.1 MPH) (infield hit) Eddie Luna scores
|
|
Batting: RHB Matt Fenimore
|
0-0: Called Strike Chris Jackson is caught stealing 2nd base 2-4 0-1: Foul Ball, location: 2F 0-2: Strikes out swinging
|
| Top of the 3rd over - 2 runs, 2 hits, 0 errors, 0 left on base; Everett 3 - Staten Island 0 |
| BOTTOM OF THE 3RD |
|
Staten Island Yankees batting - Pitching for Everett AquaSox : RHP Kevin Stodart
|
|
Batting: RHB Norimoto Miyanishi
|
0-0: Ball 1-0: Foul Ball, location: 2F 1-1: Foul Ball, location: 2F 1-2: Strikes out swinging
|
|
Batting: RHB Edite Leoni
|
0-0: Ball 1-0: Swinging Strike 1-1: Fly out, F8 (Flyball, 89M, EV 91.9 MPH)
|
|
Batting: RHB Pat Pemberton
|
0-0: Called Strike 0-1: Foul Ball, location: 2F 0-2: Foul Ball, location: 2F 0-2: Foul Ball, location: 2F 0-2: Foul Ball, location: 2F 0-2: Foul Ball, location: 2F 0-2: Ball 1-2: Fly out, F9 (Flyball, 9D, EV 93.8 MPH)
|
| Bottom of the 3rd over - 0 runs, 0 hits, 0 errors, 0 left on base; Everett 3 - Staten Island 0 |
| TOP OF THE 4TH |
|
Everett AquaSox batting - Pitching for Staten Island Yankees : LHP Dustin Shaw
|
|
Batting: RHB Tai Joo
|
0-0: Ground out 6-3 (Groundball, 6, EV 78.1 MPH)
|
|
Batting: RHB Jwahir Pili
|
0-0: Swinging Strike 0-1: Called Strike 0-2: Ball 1-2: Ball 2-2: Strikes out swinging
|
|
Batting: SHB Tony Morales
|
0-0: Ball 1-0: Called Strike 1-1: Called Strike 1-2: Strikes out swinging
|
| Top of the 4th over - 0 runs, 0 hits, 0 errors, 0 left on base; Everett 3 - Staten Island 0 |
| BOTTOM OF THE 4TH |
|
Staten Island Yankees batting - Pitching for Everett AquaSox : RHP Kevin Stodart
|
|
Batting: SHB Tadaaki Kondo
|
0-0: Ball 1-0: Ball 2-0: Called Strike 2-1: Ball 3-1: SINGLE (Flyball, 56D, EV 97.5 MPH) - OUT at second base trying to stretch hit.
|
|
Batting: LHB Mike Schermerhorn
|
0-0: Called Strike 0-1: Ball 1-1: Called Strike 1-2: Strikes out swinging
|
|
Batting: RHB Brad Wren
|
0-0: Ball 1-0: Ball 2-0: Called Strike 2-1: Called Strike 2-2: Ball 3-2: Strikes out swinging
|
| Bottom of the 4th over - 0 runs, 1 hit, 0 errors, 0 left on base; Everett 3 - Staten Island 0 |
| TOP OF THE 5TH |
|
Everett AquaSox batting - Pitching for Staten Island Yankees : LHP Dustin Shaw
|
|
Batting: RHB James Bickel
|
0-0: Foul Ball, location: 2F 0-1: Ground out 6-3 (Groundball, 6, EV 79.4 MPH)
|
|
Batting: RHB Heihachiro Fujita
|
0-0: Ground out 2-3 (Groundball, 13S, EV 71.2 MPH)
|
|
Batting: RHB Eddie Luna
|
0-0: SINGLE (Groundball, 5S, EV 65.0 MPH) (infield hit)
|
|
Batting: RHB Marco Diaz
|
0-0: Called Strike Eddie Luna is caught stealing 2nd base 2-4
|
| Top of the 5th over - 0 runs, 1 hit, 0 errors, 0 left on base; Everett 3 - Staten Island 0 |
| BOTTOM OF THE 5TH |
|
Staten Island Yankees batting - Pitching for Everett AquaSox : RHP Kevin Stodart
|
|
Batting: RHB Jesus Ruiz
|
0-0: Called Strike 0-1: Fly out, F9 (Flyball, 89M, EV 77.5 MPH)
|
|
Batting: LHB Danny de Leon
|
0-0: Ball 1-0: Ball 2-0: Ground out U3 (Groundball, 3, EV 86.2 MPH)
|
|
Batting: RHB Danny Ayala
|
0-0: Called Strike 0-1: Ground out 3-1 (Groundball, 13, EV 91.9 MPH)
|
| Bottom of the 5th over - 0 runs, 0 hits, 0 errors, 0 left on base; Everett 3 - Staten Island 0 |
| TOP OF THE 6TH |
|
Everett AquaSox batting - Pitching for Staten Island Yankees : LHP Dustin Shaw
|
|
Batting: RHB Marco Diaz
|
0-0: Ball 1-0: Called Strike 1-1: Foul Ball, location: 2F 1-2: Strikes out looking
|
|
Batting: LHB Chris Jackson
|
0-0: Ball 1-0: Foul Ball, location: 2F 1-1: Ball 2-1: Ball 3-1: Called Strike 3-2: Fly out, F7 (Flyball, 78D, EV 92.5 MPH)
|
|
Batting: RHB Matt Fenimore
|
0-0: Ball 1-0: Called Strike 1-1: Foul Ball, location: 2F 1-2: Ball 2-2: Foul Ball, location: 2F 2-2: DOUBLE (Flyball, 8LXD, EV 99.4 MPH)
|
|
Pitching: RHP Jake Bryant
|
|
|
Batting: RHB Tai Joo
|
0-0: Called Strike 0-1: Called Strike 0-2: Ball 1-2: SINGLE (Flyball, 34D, EV 93.8 MPH) Matt Fenimore to third
|
|
Batting: RHB Jwahir Pili
|
0-0: Ground out 1-3 (Groundball, 15S, EV 64.4 MPH)
|
| Top of the 6th over - 0 runs, 2 hits, 0 errors, 2 left on base; Everett 3 - Staten Island 0 |
| BOTTOM OF THE 6TH |
|
Staten Island Yankees batting - Pitching for Everett AquaSox : RHP Kevin Stodart
|
|
Batting: RHB Norimoto Miyanishi
|
0-0: Swinging Strike 0-1: Reaches on Catchers interference
|
|
Batting: RHB Edite Leoni
|
0-0: Ball Norimoto Miyanishi steals 2nd, throwing error, E2 Norimoto Miyanishi to third 1-0: Fly out, F7 (Line Drive, 7, EV 91.9 MPH)
|
|
Batting: RHB Pat Pemberton
|
0-0: Swinging Strike 0-1: Ball 1-1: Foul Ball, location: 2F 1-2: Ball 2-2: Ball 3-2: Base on Balls
|
|
Pitching: LHP Chris Wheeler
|
|
|
Batting: SHB Tadaaki Kondo
|
0-0: Ball 1-0: Swinging Strike 1-1: Swinging Strike 1-2: Foul Ball, location: 2F 1-2: Ball 2-2: Ball 3-2: Strikes out swinging
|
|
Pinch Hitting: SHB Adam Slade
|
0-0: SINGLE (Groundball, 56D, EV 105.0 MPH) (infield hit) Norimoto Miyanishi scores Pat Pemberton to second
|
|
Batting: RHB Brad Wren
|
0-0: Called Strike 0-1: Ball 1-1: Ball 2-1: Foul Ball, location: 2F 2-2: Strikes out swinging
|
| Bottom of the 6th over - 1 run, 1 hit, 2 errors, 2 left on base; Everett 3 - Staten Island 1 |
| TOP OF THE 7TH |
|
Everett AquaSox batting - Pitching for Staten Island Yankees : RHP Jake Bryant
|
|
Now in LF: Jon Pierce
|
|
|
Batting: SHB Tony Morales
|
0-0: Called Strike 0-1: Swinging Strike 0-2: Strikes out swinging
|
|
Batting: RHB James Bickel
|
0-0: Called Strike 0-1: Ball 1-1: Called Strike 1-2: Ball 2-2: Strikes out looking
|
|
Batting: RHB Heihachiro Fujita
|
0-0: Called Strike 0-1: Ball 1-1: Foul Ball, location: 2F 1-2: Foul Ball, location: 2F 1-2: Ground out U3 (Groundball, 34S, EV 66.2 MPH)
|
| Top of the 7th over - 0 runs, 0 hits, 0 errors, 0 left on base; Everett 3 - Staten Island 1 |
| BOTTOM OF THE 7TH |
|
Staten Island Yankees batting - Pitching for Everett AquaSox : LHP Chris Wheeler
|
|
Batting: RHB Jesus Ruiz
|
0-0: Fly out, F9 (Line Drive, 9, EV 86.9 MPH)
|
|
Pinch Hitting: RHB Matt Thompson
|
0-0: Ball 1-0: Called Strike 1-1: Ground out 4-3 (Groundball, 4, EV 87.5 MPH)
|
|
Batting: RHB Danny Ayala
|
0-0: Ball 1-0: Fly out, F8 (Flyball, 78M, EV 78.1 MPH)
|
| Bottom of the 7th over - 0 runs, 0 hits, 0 errors, 0 left on base; Everett 3 - Staten Island 1 |
| TOP OF THE 8TH |
|
Everett AquaSox batting - Pitching for Staten Island Yankees : RHP Jake Bryant
|
|
Now in LF: Matt Thompson
|
|
|
Now in RF: Jon Pierce
|
|
|
Batting: RHB Eddie Luna
|
0-0: Ball 1-0: Ball 2-0: Ball 3-0: Called Strike 3-1: Fly out, F9 (Flyball, 9, EV 89.4 MPH)
|
|
Pitching: RHP Gary Salazar
|
|
|
Batting: RHB Marco Diaz
|
0-0: Called Strike 0-1: Ball 1-1: Called Strike 1-2: Strikes out swinging
|
|
Batting: LHB Chris Jackson
|
0-0: Ball 1-0: Ball 2-0: Called Strike 2-1: Swinging Strike 2-2: Ball 3-2: Base on Balls
|
|
Batting: RHB Matt Fenimore
|
0-0: Ball 1-0: Foul Ball, location: 2F 1-1: Called Strike 1-2: Ball 2-2: Foul Ball, location: 2F 2-2: Fly out, F8 (Flyball, 8LM, EV 93.8 MPH)
|
| Top of the 8th over - 0 runs, 0 hits, 0 errors, 1 left on base; Everett 3 - Staten Island 1 |
| BOTTOM OF THE 8TH |
|
Staten Island Yankees batting - Pitching for Everett AquaSox : LHP Chris Wheeler
|
|
Batting: RHB Norimoto Miyanishi
|
0-0: Ball 1-0: Swinging Strike 1-1: Swinging Strike 1-2: Fly out, F9 (Flyball, 9LM, EV 103.8 MPH)
|
|
Batting: RHB Edite Leoni
|
0-0: Ball 1-0: Ground out 5-3 (Groundball, 5, EV 106.2 MPH)
|
|
Batting: RHB Pat Pemberton
|
0-0: Ball 1-0: Ground out 3-1 (Groundball, 34S, EV 85.0 MPH)
|
| Bottom of the 8th over - 0 runs, 0 hits, 0 errors, 0 left on base; Everett 3 - Staten Island 1 |
| TOP OF THE 9TH |
|
Everett AquaSox batting - Pitching for Staten Island Yankees : RHP Gary Salazar
|
|
Batting: RHB Tai Joo
|
0-0: Ground out 4-3 (Groundball, 4, EV 89.4 MPH)
|
|
Batting: RHB Jwahir Pili
|
0-0: Ball 1-0: Foul Ball, location: 2F 1-1: Ball 2-1: Ball 3-1: Swinging Strike 3-2: Strikes out looking
|
|
Batting: SHB Tony Morales
|
0-0: SINGLE (Groundball, 56D, EV 105.6 MPH) (infield hit)
|
|
Batting: RHB James Bickel
|
0-0: Ball 1-0: Ball Tony Morales steals 2nd base 2-0: Called Strike 2-1: Swinging Strike 2-2: Strikes out looking
|
| Top of the 9th over - 0 runs, 1 hit, 0 errors, 1 left on base; Everett 3 - Staten Island 1 |
| BOTTOM OF THE 9TH |
|
Staten Island Yankees batting - Pitching for Everett AquaSox : LHP Chris Wheeler
|
|
Now at 3B: Eddie Luna
|
|
|
Now at SS: Omar Solis
|
|
|
Now in RF: Ryan Daniels
|
|
|
Batting: SHB Tadaaki Kondo
|
0-0: Foul Ball, location: 2F 0-1: Ball 1-1: Swinging Strike 1-2: Ground out 6-3 (Groundball, 6, EV 88.8 MPH)
|
|
Batting: RHB Jon Pierce
|
0-0: Ball 1-0: Ball 2-0: Ball 3-0: Called Strike 3-1: Ground out 2-3 (Groundball, 15S, EV 66.9 MPH)
|
|
Batting: RHB Brad Wren
|
0-0: Called Strike 0-1: Ball 1-1: Ball 2-1: Ball 3-1: Called Strike 3-2: Base on Balls
|
|
Pitching: RHP Matt Lane
|
|
|
Batting: RHB Jesus Ruiz
|
0-0: Called Strike 0-1: Ball 1-1: Ground out 6-3 (Groundball, 6MS, EV 67.5 MPH)
|
| Bottom of the 9th over - 0 runs, 0 hits, 0 errors, 1 left on base; Everett 3 - Staten Island 1 |
|